 Dungeon Crawl Stone Soup version 0.27-a0-46-g34d46f0a3f (webtiles) character file.

Game seed: 2193924136654712194

47 Borgoz the Slasher (level 3, -6/30 HPs)
             Began as a Draconian Gladiator on Jan 7, 2021.
             Mangled by Sigmund
             ... wielding a cursed -2 scythe
              (8 damage)
             ... on level 2 of the Dungeon.
             The game lasted 00:01:29 (1413 turns).

Borgoz the Slasher (Draconian Gladiator)            Turns: 1413, Time: 00:01:30

Health: -6/30      AC:  7    Str: 16    XL:     3   Next: 48%
Magic:  3/3        EV: 13    Int:  8    God:
Gold:   99         SH:  0    Dex: 13    Spells: 2/2 levels left

rFire    . . .     SeeInvis .   a - +0 long sword
rCold    . . .     Faith    .   (no shield)
rNeg     . . .     Spirit   .   (armour unavailable)
rPois    .         Reflect  .   g - +0 hat
rElec    .         Harm     .   (no cloak)
rCorr    .         Rampage  .   k - +0 pair of gloves (curse)
Will     .....                  i - +0 pair of boots
Stlth    ++........             (no amulet)
HPRegen  0.10/turn              (no ring)
MPRegen  0.08/turn              (no ring)

@: no status effects
A: unfitting armour, cold-blooded, AC +5
a: no special abilities


You were on level 2 of the Dungeon.
You visited 1 branch of the dungeon, and saw 2 of its levels.

You collected 99 gold pieces.

Inventory:

Hand Weapons
 a - a +0 long sword (weapon)
 b - a +0 dagger of electrocution
Missiles
 c - 3 throwing nets (quivered)
Armour
 g - a +0 hat (worn)
 i - a +0 pair of boots (worn)
 k - a cursed +0 pair of gloves (worn)
Wands
 m - a wand of random effects (27)
Scrolls
 e - 2 scrolls of remove curse {unknown}
 f - 3 scrolls of fog {unknown}
 h - 6 scrolls of identify {unknown}
Potions
 j - a potion of might


   Skills:
 + Level 2.7 Fighting
 * Level 3.5 Long Blades
 - Level 1.9 Throwing
 * Level 3.2 Dodging
 + Level 0.9 Stealth


You had 2 spell levels left.
You didn't know any spells.
Your spell library was empty.

Dungeon Overview and Level Annotations

Branches:
Dungeon (2/15)

Altars:

Annotations:
D:2 Sigmund


Innate Abilities, Weirdness & Mutations

Your plain brown scales are hard. (AC +5)
You cannot fit into any form of body armour.
You are cold-blooded and may be slowed by cold attacks.


Message History

You hit something but do no damage.
You hear some strange, mumbled words.
A puff of flame appears from out of thin air!
The puff of flame misses you.
You closely miss something.
You hear some strange, mumbled words.
Something tries to affect you, but you resist.
You closely miss something. Something hits you.
* * * LOW HITPOINT WARNING * * *
You miss something. You tail-slap something.
Something hits you but does no damage.
You closely miss something. Something hits you.
* * * LOW HITPOINT WARNING * * *
You hit something.
Your tail-slap misses something.
You barely miss something. Something hits you but does no damage.
You barely miss something. Something hits you but does no damage.
You slash something! Something hits you but does no damage.
You hit something but do no damage. You tail-slap something.
Something hits you!
You die...

#.###.#.# # ..#
#.......# ..!. ##.....##
.... #..##†.### .....
#..###...# ...###
#......###
...###..##..##
.#########.##..###..##
....gg{@.............#
.###########...#####.###
...................#
########.###..###..#
#.###........
####.##..#......
#.)>....##......
#....#####...... #...##
#......


You could see 2 hobgoblins.

Vanquished Creatures
  An adder (D:2)
  A worm (D:2)
  A dart slug (D:1)
  2 leopard geckos (D:1)
  A giant cockroach (D:1)
  3 goblins
  4 hobgoblins (D:1)
  4 jackals (D:1)
  4 kobolds
  A ball python (D:1)
  5 bats (D:1)
  2 frilled lizards
  A rat (D:1)
30 creatures vanquished.

Notes
Turn   | Place    | Note
-------+----------+-------------------------------------------
     0 | D:1      | Borgoz the Draconian Gladiator began the quest for the Orb.
     0 | D:1      | Reached XP level 1. HP: 17/17 MP: 1/1
   112 | D:1      | You fall into a shaft and drop 1 floor!
   207 | D:2      | Reached XP level 2. HP: 23/25 MP: 2/2
   705 | D:1      | Reached XP level 3. HP: 30/30 MP: 3/3
  1390 | D:2      | Noticed Sigmund
  1413 | D:2      | Mangled by Sigmund

Illustrated notes

Levels and vault maps discovered:
D:1:      wheals_arrival_shading, layout_basic
D:2:      layout_rooms, uniq_sigmund

Skill      XL: |  1  2 |
---------------+-------+-----
Dodging        | 3 |  3.2
Fighting       | |  2.7
Long Blades    | |  3.5
Throwing       | |  1.9
Stealth        | |  0.9

Action                   || total
-------------------------++-------
Melee: Long sword        ||    97
       Tailslap          ||    12
  Use: Potion            ||     3
 Stab: Sleeping          ||     1
Armor: Skin              ||    47
Dodge: Dodged            ||    88
       Rpst.: Long sword ||    30

Table legend: (Time is in decaauts)
 A = Elapsed time spent in this place.
 B = Non-inter-level travel time spent in this place.
 C = Inter-level travel time spent in this place.
 D = Time resting spent in this place.
 E = Time spent auto-exploring this place.
 F = Levels seen in this place.
 G = Mean time per level.
                   A        B        C        D        E       F      G
               +--------+--------+--------+--------+--------+-----+--------+
         Total |   1436 |   1357 |     79 |    133 |    944 |   2 |  718.0 |
       Dungeon |   1436 |   1357 |     79 |    133 |    944 |   2 |  718.0 |
               +--------+--------+--------+--------+--------+-----+--------+

Top non-repeatable levels by time:
     D:1: 1059 daAuts
     D:2: 377 daAuts
